 Dungeon Crawl Stone Soup version 0.17-a0-701-gb6462b4 (webtiles) character file.

49 namelastname112 the Insei (level 3, -7/31 HPs)
             Began as a Draconian Monk on Apr 19, 2015.
             Was an Initiate of Ru.
             Mangled by an orc
             ... wielding a +0 trident
              (9 damage)
             ... on level 3 of the Dungeon.
             The game lasted 00:02:37 (1377 turns).

namelastname112 the Insei (Draconian Monk)          Turns: 1377, Time: 00:02:38

Health: -7/31      AC:  5    Str: 13    XL:     3   Next: 53%
Magic:  3/3        EV: 13    Int: 10    God:    Ru [......]
Gold:   138        SH:  0    Dex: 14    Spells: 0 memorised, 2 levels left

rFire  . . .     SeeInvis .       - Unarmed
rCold  + . .     Clarity  .     (armour unavailable)
rNeg   + . .     SustAb   .     (no shield)
rPois  .         Gourm    .     (helmet restricted)
rElec  .         Spirit   .     (no cloak)
rCorr  .         Warding  .     (no gloves)
rMut   .         Stasis   .     (no boots)
MR     .....                    (no amulet)
Stlth  ..........               l - ring of positive energy
                                k - ring of protection from cold

@: not resistant to hostile enchantments, extremely unstealthy
A: unfitting armour, cold-blooded, no stealth, AC +5
a: Renounce Religion


You were on level 3 of the Dungeon.
You worshipped Ru.
Ru was noncommittal.
You were very hungry.

You visited 1 branch of the dungeon, and saw 3 of its levels.

You collected 138 gold pieces.

Inventory:

Jewellery
 k - a ring of protection from cold (left hand)
 l - a ring of positive energy (right hand)
Scrolls
 a - 2 scrolls of identify {unknown}
 c - a scroll of enchant weapon {unknown}
 d - 2 scrolls of remove curse {unknown}
 e - a scroll of blinking {unknown}
 g - 2 scrolls of fog {unknown}
 j - a scroll of recharging {unknown}
Comestibles
 b - a bread ration
 h - 3 fruits
 i - a meat ration


   Skills:
 - Level 3.2 Fighting
 - Level 2.6 Dodging
 + Level 5.3 Unarmed Combat


You had 2 spell levels left.
You didn't know any spells.

Dungeon Overview and Level Annotations

Branches:
Dungeon (3/15)

Altars:
Ru
Trog


Innate Abilities, Weirdness & Mutations

Your plain brown scales are hard (AC +5).
Your body does not fit into most forms of armour.
You are cold-blooded and may be slowed by cold attacks.
You cannot be stealthy.


Message History

The orc hits you from afar with a trident!
* * * LOW HITPOINT WARNING * * *
The orc wizard hits you with a dagger.
* * * LOW HITPOINT WARNING * * *
You are too injured to fight recklessly!
You are too injured to fight recklessly!
You closely miss the orc wizard.
The orc wizard is lightly wounded.
The orc barely misses you.
Drink which item? (? for menu, Esc to quit)
It was a potion of restore abilities.
You feel refreshed. The orc wizard closely misses you.
The orc hits you from afar with a trident.
* * * LOW HITPOINT WARNING * * *
You hit the orc wizard.
The orc wizard is moderately wounded.
The orc wizard gestures wildly while chanting.
The orc wizard blinks!
The orc hits you from afar with a trident!
You die...

#...# #.#.# #.#.# ############
###########.#.# #...........#
#.............. .....(.o.....#
#.............. .............#
#..............
.............###..............
............o§@................
..............#######..........
...............................
(.................###.........
..................##.......#.#
................<.##.......#.#
.....................#.......
................#...#.......
#.....#......#.#...#.......


You could see an orc wizard and an orc.

Vanquished Creatures
  A worm (D:2)
  2 orcs (D:3)
  2 ball pythons
  6 goblins
  6 hobgoblins
  A bat (D:3)
  A giant cockroach (D:2)
  2 giant geckos
  7 giant newts
  11 kobolds
  A quokka (D:2)
  2 rats
42 creatures vanquished.

Notes
Turn   | Place    | Note
--------------------------------------------------------------
     0 | D:1      | namelastname112, the Draconian Monk, began the quest for the Orb.
     0 | D:1      | Reached XP level 1. HP: 19/19 MP: 1/1
   214 | D:1      | Reached XP level 2. HP: 17/26 MP: 2/2
   706 | D:2      | Reached skill level 5 in Unarmed Combat
   719 | D:2      | Reached XP level 3. HP: 29/31 MP: 3/3
  1170 | D:3      | Found a bloodstained altar of Trog.
  1170 | D:3      | Found a sacrificial altar of Ru.
  1209 | D:3      | Became a worshipper of Ru the Awakened
  1221 | D:3      | Gained mutation: You cannot be stealthy. [Ru sacrifice]
  1377 | D:3      | Mangled by an orc

Action                   || total
-------------------------++-------
Melee: Unarmed           ||    94
Invok: Sacrifice Stealth ||     1
  Use: Potion            ||     1
 Stab: Sleeping          ||     4
